[Event "Titled Tuesday Blitz June 14 Late 2022"]
[White "Zhou, Liran"]
[Black "Adewumi, Tanitoluwa"]
[WhiteFideId "30931967"]
[BlackFideId "30966396"]
[WhiteElo "2643"]
[BlackElo "2477"]
[Result "1-0"]
[Round "04"]
[TimeControl "180+1"]
[Date "2022.06.15"]
[WhiteClock "0:00:08"]
[BlackClock "0:00:02"]

1. e4 c5 2. Nf3 e6 3. Nc3 Nc6 4. d4 cxd4 5. Nxd4 Qc7 6. g3 a6 7. Bg2 d6 8. O-O Be7 9. Re1 Bd7 10. Nxc6 bxc6 11. Qg4 e5 12. Qe2 Nf6 13. h3 O-O 14. b3 Rfe8 15. Bb2 Bf8 16. Rad1 a5 17. Na4 c5 18. Nc3 Bc6 19. Bc1 h6 20. a4 Rab8 21. Nb5 Bxb5 22. axb5 d5 23. exd5 Bd6 24. c4 e4 25. Bb2 e3 26. Bxf6 exf2+ 27. Qxf2 Rxe1+ 28. Qxe1 gxf6 29. g4 Kg7 30. Qe4 Ra8 31. Re1 a4 32. bxa4 Rxa4 33. Qf5 Be5 34. Be4 Kf8 35. Qh7 Rxc4 36. Qxh6+ Ke7 37. g5 Rd4 38. gxf6+ Kd6 39. Qf8+ Kd7 40. Bf5# 1-0


[Site "https://www.chess.com"]

[Event "Titled Tuesday Blitz June 14 Late 2022"]
[White "Zhurbinsky, David"]
[Black "Deac, Bogdan-Daniel"]
[WhiteFideId "2072904"]
[BlackFideId "1226380"]
[WhiteElo "2555"]
[BlackElo "2648"]
[Result "0-1"]
[Round "04"]
[TimeControl "180+1"]
[Date "2022.06.14"]
[WhiteClock "0:00:04"]
[BlackClock "0:01:59"]

1. e4 c5 2. Nf3 d6 3. d4 cxd4 4. Nxd4 Nf6 5. f3 e5 6. Nb3 a5 7. Be3 a4 8. Nc1 d5 9. Bb5+ Bd7 10. Bxd7+ Qxd7 11. O-O dxe4 12. Qe2 exf3 13. Rxf3 Nc6 14. Nc3 Bb4 15. Bg5 Nd5 16. Nxd5 Qxd5 17. Rd3 Qe6 18. Qe4 O-O 19. Ne2 h6 20. Be3 Rfd8 21. Rad1 Rxd3 22. Rxd3 Qxa2 23. Bxh6 gxh6 24. Rg3+ Kf8 25. Qe3 Qe6 26. c3 Be7 27. Nc1 Bg5 28. Qc5+ Qe7 0-1


[Site "https://www.chess.com"]

[Event "Titled Tuesday Blitz June 14 Late 2022"]
[White "Adury, Anant"]
[Black "Perera Alfonso, Rene Humberto"]
[WhiteFideId "30964687"]
[BlackFideId "3514722"]
[WhiteElo "2201"]
[BlackElo "2313"]
[Result "0-1"]
[Round "05"]
[TimeControl "180+1"]
[Date "2022.06.15"]
[WhiteClock "0:00:05"]
[BlackClock "0:00:13"]

1. d4 d5 2. Nf3 Nf6 3. c4 c6 4. Nc3 dxc4 5. e3 b5 6. a4 b4 7. Na2 a5 8. Bxc4 e6 9. O-O Be7 10. b3 O-O 11. Bb2 Ba6 12. Qc2 Qb6 13. Bxa6 Nxa6 14. e4 Rac8 15. Rad1 Rfd8 16. Qc4 c5 17. d5 exd5 18. exd5 Nc7 19. Bxf6 Bxf6 20. Nc1 Ne8 21. Ne2 Nd6 22. Qd3 c4 23. bxc4 Rxc4 24. Ng3 Rc3 25. Qb1 g6 26. Ne4 Nxe4 27. Qxe4 b3 28. Ne5 b2 29. Nd7 Qd6 30. Nxf6+ Qxf6 31. Rb1 Rc5 32. Qe2 Rcxd5 33. Qxb2 Qf4 34. Ra1 Rd2 35. Qb5 Qd4 36. Rae1 Kg7 37. Qe5+ Kg8 38. Qxd4 R8xd4 39. Ra1 Rb2 40. Rfe1 Rdd2 41. Rf1 Rb4 42. g3 Rdd4 43. Rfe1 Rxa4 44. Rxa4 Rxa4 45. Re8+ Kg7 46. Ra8 Kf6 47. Kg2 Ra2 48. Kf3 a4 49. Ke3 a3 50. h4 h5 51. Kf3 Kf5 52. Ra5+ Kf6 53. Ke3 Ke6 54. f3 Ra1 55. Kf4 a2 56. Ra6+ Ke7 57. Ra7+ Ke6 58. Ra6+ Kd5 59. Kg5 Ke5 60. Ra5+ Ke6 61. Kf4 f6 62. Ra6+ Kf7 63. Ra7+ Kf8 64. Ra8+ Kg7 65. Ra7+ Kh6 66. Ra8 g5+ 67. hxg5+ fxg5+ 68. Kf5 h4 69. Ra6+ Kg7 70. Ra7+ Kf8 71. gxh4 gxh4 72. Ra8+ Ke7 73. Kf4 h3 74. Ra7+ Kd6 75. Ra6+ Kc5 0-1


[Site "https://www.chess.com"]

[Event "Titled Tuesday Blitz June 14 Late 2022"]
[White "Andreikin, Dmitry"]
[Black "Oparin, Grigoriy"]
[WhiteFideId "4158814"]
[BlackFideId "24125890"]
[WhiteElo "2736"]
[BlackElo "2639"]
[Result "1/2-1/2"]
[Round "05"]
[TimeControl "180+1"]
[Date "2022.06.14"]
[WhiteClock "0:00:21"]
[BlackClock "0:00:12"]

1. Nf3 Nf6 2. g3 d5 3. Bg2 e6 4. O-O Be7 5. c4 O-O 6. d4 dxc4 7. Qc2 a6 8. a4 Bd7 9. Qxc4 Bc6 10. Bf4 Nbd7 11. Qc1 Bd6 12. Nc3 b5 13. axb5 axb5 14. Ne5 Bxg2 15. Kxg2 Qb8 16. Nxd7 Qb7+ 17. Kg1 Nxd7 18. Bxd6 cxd6 19. Qf4 d5 20. Qd6 b4 21. Na4 Qb5 22. Nc5 Nf6 23. e3 h5 24. b3 Ra3 25. h4 Rfa8 26. Rac1 Ra2 27. Qf4 Qe2 28. Nb7 Qg4 29. Qxg4 hxg4 30. Nc5 Kh7 31. Nd3 Ne4 32. Rc7 f6 33. Nf4 Re8 34. Nh5 Rg8 35. Rb7 Kg6 36. Nf4+ Kf5 37. Nh5 Kg6 38. Nf4+ Kf5 39. Nh5 Kg6 1/2-1/2


[Site "https://www.chess.com"]

[Event "Titled Tuesday Blitz June 14 Late 2022"]
[White "Ansh M Shah"]
[Black "Jocev, Milan"]
[WhiteFideId "25033379"]
[BlackFideId "900680"]
[WhiteElo "1819"]
[BlackElo "2322"]
[Result "0-1"]
[Round "05"]
[TimeControl "180+1"]
[Date "2022.06.15"]
[WhiteClock "0:00:13"]
[BlackClock "0:00:06"]

1. d4 Nf6 2. c4 e6 3. Nf3 Bb4+ 4. Bd2 Qe7 5. a3 Bxd2+ 6. Qxd2 d5 7. e3 Ne4 8. Qc2 f5 9. Nbd2 O-O 10. Ne5 c6 11. Bd3 Nd7 12. Nxd7 Bxd7 13. O-O Be8 14. f3 Nf6 15. e4 fxe4 16. fxe4 Bg6 17. cxd5 exd5 18. e5 Bxd3 19. Qxd3 Ng4 20. h3 Nh6 21. b4 Qg5 22. Rxf8+ Rxf8 23. Rf1 Nf5 24. Kh2 Qe3 25. Rf3 Qxd4 26. Qe2 Ne7 27. e6 Rxf3 28. Nxf3 Qf4+ 29. Kg1 Qe4 30. Qf2 Qxe6 31. Ng5 Qf6 32. Qe3 h6 33. Ne6 Nf5 34. Qe1 Nd4 35. Nc5 b6 36. Qe8+ Kh7 37. Nd3 Qe6 38. Qh5 Qe3+ 39. Nf2 Ne2+ 40. Kf1 Ng3+ 41. Kg1 Nxh5 42. Kf1 Ng3+ 43. Kg1 Qe1+ 44. Kh2 Qxf2 45. h4 Nf1+ 46. Kh3 Qg3# 0-1


[Site "https://www.chess.com"]

[Event "Titled Tuesday Blitz June 14 Late 2022"]
[White "Artemenko, Oleg"]
[Black "Ivic, Velimir"]
[WhiteFideId "14201798"]
[BlackFideId "950122"]
[WhiteElo "2287"]
[BlackElo "2610"]
[Result "0-1"]
[Round "05"]
[TimeControl "180+1"]
[Date "2022.06.14"]
[WhiteClock "0:00:06"]
[BlackClock "0:01:53"]

1. d4 Nf6 2. Nc3 d5 3. Bf4 Bf5 4. f3 e6 5. g4 Bg6 6. h4 h5 7. g5 Nfd7 8. e4 Nb6 9. exd5 Nxd5 10. Nxd5 Qxd5 11. Bd3 Nc6 12. c3 O-O-O 13. Bxg6 fxg6 14. Qb3 Qf5 15. Ne2 e5 16. dxe5 Nxe5 17. Bxe5 Qxe5 18. Qc4 Bc5 19. b4 Bb6 20. Qf4 Qe6 21. Qe4 Qd6 22. Qf4 Qd3 23. Rh2 Rhe8 24. Kf1 Rf8 25. Kg2 Qxe2+ 26. Kh1 Rd1+ 0-1


[Site "https://www.chess.com"]

[Event "Titled Tuesday Blitz June 14 Late 2022"]
[White "Babazada, Khazar"]
[Black "Salem, A.R. Saleh"]
[WhiteFideId "13413554"]
[BlackFideId "9301348"]
[WhiteElo "2406"]
[BlackElo "2679"]
[Result "1/2-1/2"]
[Round "05"]
[TimeControl "180+1"]
[Date "2022.06.14"]
[WhiteClock "0:00:18"]
[BlackClock "0:00:16"]

1. e4 c5 2. Nf3 d6 3. d4 cxd4 4. Nxd4 Nf6 5. Nc3 a6 6. h3 e6 7. g4 Be7 8. g5 Nfd7 9. Be3 b5 10. a3 Bb7 11. Bg2 Nc6 12. Nxc6 Bxc6 13. h4 O-O 14. f4 Rb8 15. Qd2 a5 16. h5 b4 17. axb4 Rxb4 18. g6 Nf6 19. gxh7+ Kh8 20. h6 g6 21. f5 Kxh7 22. fxg6+ fxg6 23. e5 Bxg2 24. exf6 Bxh1 25. fxe7 Qxe7 26. O-O-O Bf3 27. Qxd6 Qxd6 28. Rxd6 Rf7 29. Rxe6 Rg4 30. b3 Rg2 31. Nb5 Bd5 32. Re5 Bxb3 33. Nd4 a4 34. Ra5 Rc7 35. Bd2 Rg4 36. Be3 Rg3 37. Bd2 Rd3 38. Bf4 Rxd4 39. Bxc7 Rc4 40. Be5 Rxc2+ 41. Kb1 Kxh6 42. Bf6 Rf2 43. Bg5+ Kg7 44. Ra7+ Kg8 45. Kc1 Rf5 46. Be3 Rd5 47. Kb2 g5 48. Kc3 g4 49. Bd4 g3 50. Rg7+ Kf8 51. Rxg3 Kf7 52. Re3 Rd6 53. Re5 Rc6+ 54. Rc5 Rg6 55. Rf5+ Ke6 56. Rf6+ Rxf6 57. Bxf6 Kxf6 58. Kb2 Ke5 59. Ka1 Kd4 60. Kb1 Kc3 61. Ka1 a3 62. Kb1 Bc4 63. Ka1 Kb4 64. Kb1 Kb3 65. Ka1 Bd3 1/2-1/2


[Site "https://www.chess.com"]

[Event "Titled Tuesday Blitz June 14 Late 2022"]
[White "Barria Zuniga, Daniel"]
[Black "Sargsyan, Anna M."]
[WhiteFideId "3400816"]
[BlackFideId "13308130"]
[WhiteElo "2414"]
[BlackElo "2271"]
[Result "0-1"]
[Round "05"]
[TimeControl "180+1"]
[Date "2022.06.15"]
[WhiteClock "0:00:11"]
[BlackClock "0:00:32"]

1. d4 d5 2. c4 c6 3. Nf3 Nf6 4. Nc3 dxc4 5. e3 b5 6. a4 b4 7. Na2 a5 8. Bxc4 e6 9. O-O Be7 10. Qe2 O-O 11. e4 Ba6 12. Bxa6 Nxa6 13. Rd1 c5 14. Bg5 cxd4 15. Nxd4 Qb6 16. Nc1 h6 17. Bh4 Rfd8 18. Ncb3 g5 19. Bg3 Nc5 20. Nxc5 Bxc5 21. Nb3 Be7 22. Be5 Rxd1+ 23. Rxd1 Qc6 24. Bxf6 Bxf6 25. e5 Be7 26. Qb5 Qc2 27. Qd3 Qxb2 28. h4 Qxe5 29. hxg5 hxg5 30. Qf3 Rf8 31. g3 Kg7 32. Rd7 Bf6 33. Nd4 Rh8 34. Kg2 Qe1 0-1


[Site "https://www.chess.com"]

[Event "Titled Tuesday Blitz June 14 Late 2022"]
[White "Bayo Milagro, Alvaro"]
[Black "Steinberg, Nitzan"]
[WhiteFideId "22275240"]
[BlackFideId "2801795"]
[WhiteElo "2270"]
[BlackElo "2471"]
[Result "1-0"]
[Round "05"]
[TimeControl "180+1"]
[Date "2022.06.14"]
[WhiteClock "0:00:42"]
[BlackClock "0:00:58"]

1. d3 d5 2. Nf3 Nf6 3. g3 c5 4. Bg2 Nc6 5. O-O g6 6. Nc3 Bg7 7. a3 O-O 8. Rb1 b6 9. b4 cxb4 10. axb4 Bb7 11. b5 Nb8 12. Ba3 Re8 13. Na2 e5 14. e3 Nbd7 15. Nb4 Rc8 16. Bb2 Bf8 17. Nc6 Bxc6 18. bxc6 Rxc6 19. c4 Rc8 20. cxd5 Nxd5 21. Rc1 Rxc1 22. Qxc1 Bg7 23. Qa1 a5 24. Rc1 Nc5 25. Bxe5 Nb3 26. Qb2 Nxc1 27. Bxg7 Nxd3 28. Qa1 f6 29. Bh6 Qc7 30. Nd4 N5b4 31. Nc6 Nxc6 32. Bd5+ Qf7 33. Qxf6 1-0


[Site "https://www.chess.com"]

[Event "Titled Tuesday Blitz June 14 Late 2022"]
[White "Bernadskiy, Vitaliy"]
[Black "Meshkovs, Nikita"]
[WhiteFideId "14100371"]
[BlackFideId "11602740"]
[WhiteElo "2473"]
[BlackElo "2506"]
[Result "1-0"]
[Round "05"]
[TimeControl "180+1"]
[Date "2022.06.14"]
[WhiteClock "0:00:23"]
[BlackClock "0:00:02"]

1. b3 e5 2. Bb2 Nc6 3. Nf3 Bd6 4. d4 e4 5. d5 exf3 6. dxc6 dxc6 7. Bxg7 Qg5 8. Bxh8 fxg2 9. Bxg2 Qxg2 10. Kd2 Bg4 11. Qg1 Qe4 12. f3 Bf4+ 13. Ke1 Bxf3 14. Nc3 Qe6 15. Qxg8+ Ke7 16. Qxa8 Bxh1 17. Bg7 Bd6 18. Bf8+ Kd7 19. Bxd6 cxd6 20. Qxb7+ Ke8 21. Qxa7 Qe5 22. Kd2 c5 23. Qa4+ Kf8 24. Rxh1 d5 25. Qa8+ Kg7 26. Qxd5 1-0


[Site "https://www.chess.com"]

[Event "Titled Tuesday Blitz June 14 Late 2022"]
[White "Bolanos, Fernando"]
[Black "Jian, Alex"]
[WhiteFideId "3304094"]
[BlackFideId "30901022"]
[WhiteElo "2048"]
[BlackElo "2111"]
[Result "1-0"]
[Round "05"]
[TimeControl "180+1"]
[Date "2022.06.15"]
[WhiteClock "0:00:10"]
[BlackClock "0:00:05"]

1. e4 c5 2. Nf3 e6 3. d4 cxd4 4. Nxd4 a6 5. c3 d6 6. Bd3 Nf6 7. O-O Be7 8. Nd2 O-O 9. Re1 Qc7 10. Nf1 Nbd7 11. h3 b6 12. Be3 Bb7 13. Ng3 Ne5 14. Bf1 Nxe4 15. Nxe4 Bxe4 16. Bg5 Bb7 17. Bxe7 Qxe7 18. Re3 Qf6 19. Ne2 Nc4 20. Rg3 d5 21. b3 Nd6 22. Rc1 Rac8 23. c4 Nf5 24. Rd3 dxc4 25. Rxc4 Rcd8 26. Rc7 Be4 27. Rxd8 Rxd8 28. Rd7 Rc8 29. Nd4 Bd5 30. Nxf5 Qxf5 31. Bc4 h6 32. Bxd5 exd5 33. Rxd5 Qc2 34. Qf3 Qc7 35. g3 Re8 36. Kg2 Qc6 37. Rd2 Qe6 38. Rc2 b5 39. Rc6 Qe1 40. Rxa6 Qb1 41. Ra8 Rxa8 42. Qxa8+ Kh7 43. h4 g6 44. Qa7 Kg7 45. Qd4+ Kh7 46. a4 Qxb3 47. a5 Qa3 48. Qb6 b4 49. a6 b3 50. a7 b2 51. Qb7 Qxa7 52. Qxa7 b1=Q 53. Qxf7+ Kh8 54. Qf8+ Kh7 55. Qe7+ Kh8 56. Qf6+ Kh7 57. Qe5 Qb7+ 58. Kh3 Qd7+ 59. Kg2 Qf7 60. Kh2 Qd7 61. Qe3 Qf7 62. Kg2 Kg7 63. Qf3 Kh7 64. Qxf7+ Kh8 65. Qxg6 h5 66. Qg5 Kh7 67. Kf3 Kh8 68. Ke4 1-0


[Site "https://www.chess.com"]

[Event "Titled Tuesday Blitz June 14 Late 2022"]
[White "Bongo Akanga Ndjila, Barthelemy"]
[Black "Antonova, Nadezhda"]
[WhiteFideId "10609431"]
[BlackFideId "14700182"]
[WhiteElo "1768"]
[BlackElo "1746"]
[Result "0-1"]
[Round "05"]
[TimeControl "180+1"]
[Date "2022.06.15"]
[WhiteClock "0:00:26"]
[BlackClock "0:00:07"]

1. d4 Nf6 2. c4 g6 3. Nc3 Bg7 4. e4 d6 5. Be2 O-O 6. Nf3 e5 7. O-O Nc6 8. Be3 Ng4 9. Bg5 f6 10. Bc1 Nh6 11. d5 Ne7 12. b4 Nf7 13. c5 f5 14. Ng5 Nxg5 15. Bxg5 Bf6 16. Bxf6 Rxf6 17. f4 exf4 18. Rxf4 g5 19. Rf1 f4 20. Qd4 Ng6 21. Nb5 a6 22. Nxc7 Rb8 23. Ne6 Bxe6 24. dxe6 dxc5 25. Qxc5 Rc8 26. Qd5 Qe7 27. e5 Rff8 28. Bg4 Rfd8 29. Qb3 Nxe5 30. Bf5 Nc6 31. a3 Nd4 32. Qb1 Rf8 33. Bg4 Nc2 34. Ra2 Ne3 35. Bf3 Nxf1 36. Qxf1 Qxe6 37. Rd2 Qe3+ 38. Rf2 Rc1 39. Qxc1 Qxc1+ 40. Rf1 Qe3+ 41. Kh1 b6 42. Bd5+ Kg7 43. h3 Rd8 44. Bf3 Qxa3 45. Re1 Rd7 46. Re4 Qc1+ 47. Kh2 a5 48. bxa5 bxa5 49. Bg4 Rc7 50. Rd4 Qc3 51. Rd1 a4 52. Bf3 a3 53. Rd5 a2 54. Rxg5+ Kf6 55. Rg4 a1=Q 56. Rh4 Qce1 57. Rh6+ Kg7 0-1


[Site "https://www.chess.com"]

[Event "Titled Tuesday Blitz June 14 Late 2022"]
[White "Bortnyk, Olexandr"]
[Black "Kamsky, Gata"]
[WhiteFideId "14120828"]
[BlackFideId "2000024"]
[WhiteElo "2723"]
[BlackElo "2645"]
[Result "1/2-1/2"]
[Round "05"]
[TimeControl "180+1"]
[Date "2022.06.14"]
[WhiteClock "0:00:36"]
[BlackClock "0:00:28"]

1. d4 d5 2. Nc3 Bf5 3. Bf4 e6 4. e3 Bd6 5. Nf3 Bxf4 6. exf4 Ne7 7. Bd3 Bg4 8. h3 Bxf3 9. Qxf3 Nbc6 10. Qe3 Nb4 11. O-O-O Nxd3+ 12. Qxd3 Qd7 13. Kb1 O-O-O 14. Rhe1 h5 15. g3 Nf5 16. h4 Kb8 17. b3 Nd6 18. Na4 b6 19. Nc3 g6 20. a4 a5 21. Ka2 Ka7 22. Rb1 c5 23. dxc5 bxc5 24. Qd2 Ka6 25. Re5 Qc6 26. Rd1 Rb8 27. Nxd5 exd5 28. Rxd5 Nb7 29. Qe2+ Ka7 30. Qe7 Qe6 31. Rd7 Qxe7 32. Rxe7 Rbd8 33. Rxd8 Rxd8 34. Rxf7 Rd2 35. Kb2 Rxf2 36. Rf6 c4 37. Kc3 cxb3 38. cxb3 Nc5 39. Rxg6 Rf3+ 40. Kc4 Ne4 41. Kb5 Rxb3+ 42. Kxa5 Nxg3 43. Rg7+ Kb8 44. Rh7 Rf3 45. Kb6 Kc8 46. a5 Rxf4 47. a6 Rf6+ 48. Kb5 Rf5+ 49. Kb6 Rf6+ 50. Kb5 Rf5+ 51. Kb6 Rf6+ 1/2-1/2


[Site "https://www.chess.com"]

[Event "Titled Tuesday Blitz June 14 Late 2022"]
[White "Bryakin, Mikhail"]
[Black "Karas, Marek"]
[WhiteFideId "4165314"]
[BlackFideId "14928558"]
[WhiteElo "2417"]
[BlackElo "2271"]
[Result "1-0"]
[Round "05"]
[TimeControl "180+1"]
[Date "2022.06.15"]
[WhiteClock "0:00:05"]
[BlackClock "0:00:10"]

1. e4 e6 2. Qe2 c5 3. Nc3 Nc6 4. Nf3 d6 5. g3 Nf6 6. Bg2 Be7 7. O-O O-O 8. e5 dxe5 9. Nxe5 Nd4 10. Qd1 Qc7 11. Nc4 Bd7 12. d3 Bc6 13. Bf4 Qc8 14. Ne4 Nxe4 15. dxe4 Rd8 16. c3 Nb5 17. Qc2 Nd6 18. Nxd6 Bxd6 19. Bxd6 Rxd6 20. e5 Rd7 21. Rad1 Bxg2 22. Kxg2 Qc6+ 23. f3 Rad8 24. Rxd7 Qxd7 25. Rf2 Qd5 26. Qa4 a6 27. Re2 Qd1 28. Qe4 Qd3 29. Kf2 Qxe4 30. Rxe4 Rd2+ 31. Re2 Rd1 32. Ke3 Kf8 33. f4 Ke7 34. Ke4 g6 35. g4 Kd7 36. f5 Rg1 37. h3 gxf5+ 38. gxf5 exf5+ 39. Kxf5 Ke7 40. Rd2 Rg3 41. h4 Rf3+ 42. Ke4 Rh3 43. Kd5 Rxh4 44. Kxc5 Rh6 45. Kd5 Rh5 46. Rf2 Rh6 47. c4 Rg6 48. Rh2 h6 49. c5 Kd7 50. b4 f6 51. exf6 Rxf6 52. Rh5 Rg6 53. Rh4 Rg5+ 54. Kc4 h5 55. Rd4+ Kc7 56. Rd6 Rg4+ 57. Kb3 h4 58. Rh6 Rg3+ 59. Kc4 Rg4+ 60. Kb3 Rg3+ 61. Ka4 Rg4 62. Ka5 Kb8 63. a3 Kc7 64. Rh5 Rf4 65. Rh6 Rg4 66. Rh7+ Kc6 67. Rh8 Kc7 68. Rh6 Rf4 69. a4 Rg4 70. Rh7+ Kc6 71. Rh5 Rf4 72. Rh6+ Kc7 73. Rh8 Rg4 74. Rh7+ Kc6 75. Rh6+ Kc7 76. b5 axb5 77. axb5 Rg7 78. Rxh4 Kb8 79. Kb6 Rg6+ 80. c6 bxc6 81. Rh8+ 1-0


[Site "https://www.chess.com"]

[Event "Titled Tuesday Blitz June 14 Late 2022"]
[White "Curtis, John"]
[Black "Kubatko, Ivan"]
[WhiteFideId "3200256"]
[BlackFideId "24111473"]
[WhiteElo "2203"]
[BlackElo "2285"]
[Result "0-1"]
[Round "05"]
[TimeControl "180+1"]
[Date "2022.06.15"]
[WhiteClock "0:00:06"]
[BlackClock "0:00:09"]

1. e4 d5 2. exd5 Qxd5 3. Nc3 Qa5 4. Bc4 Nf6 5. Nf3 Bg4 6. h3 Bh5 7. d4 Nc6 8. d5 O-O-O 9. Bd2 Qc5 10. dxc6 Qxc4 11. cxb7+ Kxb7 12. Qe2 Qxe2+ 13. Nxe2 Bxf3 14. gxf3 e6 15. O-O-O Nd5 16. Nf4 Bc5 17. Nxd5 Rxd5 18. Be3 Rxd1+ 19. Kxd1 Rd8+ 20. Ke2 Bd6 21. Rd1 a6 22. Rd3 Ra8 23. Rb3+ Kc6 24. Rc3+ Kd7 25. Rd3 e5 26. b3 Ke6 27. c4 f5 28. Rd1 g6 29. h4 a5 30. h5 a4 31. hxg6 axb3 32. axb3 hxg6 33. Rg1 Kf7 34. c5 Bf8 35. b4 Ra2+ 36. Kd1 f4 37. Bd2 Ra1+ 38. Bc1 Rb1 39. Kc2 Rxb4 40. Rd1 Rc4+ 41. Kb3 Rxc5 42. Ba3 Rc6 43. Rd7+ Ke6 44. Rh7 Rb6+ 45. Ka4 Ra6+ 46. Kb5 Rxa3 47. Rxc7 Bd6 48. Rc3 Rxc3 0-1


[Site "https://www.chess.com"]

[Event "Titled Tuesday Blitz June 14 Late 2022"]
[White "Daggupati, Balaji"]
[Black "Voege, Tobias"]
[WhiteFideId "2090759"]
[BlackFideId "1270513"]
[WhiteElo "2708"]
[BlackElo "2379"]
[Result "1/2-1/2"]
[Round "05"]
[TimeControl "180+1"]
[Date "2022.06.14"]
[WhiteClock "0:00:31"]
[BlackClock "0:00:15"]

1. e4 e6 2. d4 d5 3. Nc3 Nf6 4. Bg5 Be7 5. e5 Nfd7 6. Bxe7 Qxe7 7. f4 a6 8. Qg4 f5 9. exf6 Nxf6 10. Qh4 c5 11. Nf3 cxd4 12. Nxd4 Nc6 13. Nf3 O-O 14. O-O-O b5 15. Bd3 Qc7 16. Rhe1 Nb4 17. Ng5 Nxd3+ 18. Rxd3 b4 19. Nd1 h6 20. Nxe6 Bxe6 21. Rxe6 Rac8 22. Ne3 Qa5 23. Kb1 Rce8 24. Rxe8 Rxe8 25. Nf5 b3 26. cxb3 Re1+ 27. Kc2 Re2+ 28. Kd1 Rxb2 29. Nxh6+ gxh6 30. Qxf6 Rb1+ 31. Ke2 Qe1+ 32. Kf3 Qe4+ 33. Kg4 Qxd3 34. Qd8+ Kf7 35. Qd7+ Kf8 36. Qd6+ Ke8 37. Qe6+ Kd8 38. Qd6+ Kc8 39. Qc6+ Kd8 40. Qd6+ Ke8 41. Qe6+ Kd8 42. Qd6+ 1/2-1/2


[Site "https://www.chess.com"]

[Event "Titled Tuesday Blitz June 14 Late 2022"]
[White "Deac, Bogdan-Daniel"]
[Black "Tatarinov, Dmitry"]
[WhiteFideId "1226380"]
[BlackFideId "24160067"]
[WhiteElo "2648"]
[BlackElo "2302"]
[Result "1-0"]
[Round "05"]
[TimeControl "180+1"]
[Date "2022.06.14"]
[WhiteClock "0:01:07"]
[BlackClock "0:00:08"]

1. d4 Nf6 2. Nf3 e6 3. c4 d5 4. g3 Bb4+ 5. Bd2 Be7 6. Bg2 O-O 7. Bf4 c6 8. Nbd2 b6 9. Qc2 Bb7 10. e4 Nbd7 11. e5 Ne8 12. h4 c5 13. Ng5 g6 14. cxd5 Bxd5 15. Bxd5 exd5 16. Nxh7 Kxh7 17. h5 Kg7 18. hxg6 fxg6 19. Rh6 Rf5 20. g4 Bg5 21. Rxg6+ Kxg6 22. Qxf5+ Kh6 23. O-O-O Bxf4 24. Rh1+ 1-0


[Site "https://www.chess.com"]

[Event "Titled Tuesday Blitz June 14 Late 2022"]
[White "Djokic, Mihailo"]
[Black "Moroni, Luca Jr"]
[WhiteFideId "976440"]
[BlackFideId "865834"]
[WhiteElo "2255"]
[BlackElo "2573"]
[Result "0-1"]
[Round "05"]
[TimeControl "180+1"]
[Date "2022.06.14"]
[WhiteClock "0:00:01"]
[BlackClock "0:00:27"]

1. e4 e5 2. Nf3 d6 3. d4 exd4 4. Nxd4 Nf6 5. Nc3 Be7 6. Bf4 O-O 7. Qd2 d5 8. e5 Nh5 9. Nb3 Nxf4 10. Qxf4 c5 11. Rd1 Be6 12. Bc4 dxc4 13. Rxd8 Rxd8 14. Na5 Nc6 15. Nxc6 bxc6 16. O-O Rab8 17. b3 cxb3 18. axb3 c4 19. bxc4 Rb4 20. Qe3 Rxc4 21. Qxa7 Re8 22. Ne2 Bc5 23. Qa6 Rxc2 24. Rc1 Rd8 25. Re1 h6 26. h3 Rdd2 27. Kh2 Bxf2 28. Rf1 Rxe2 29. Qa8+ Kh7 30. Qa6 Bf5 31. Qa4 Bg6 0-1


[Site "https://www.chess.com"]

[Event "Titled Tuesday Blitz June 14 Late 2022"]
[White "Dubov, Daniil"]
[Black "Hambleton, Aman"]
[WhiteFideId "24126055"]
[BlackFideId "2606577"]
[WhiteElo "2791"]
[BlackElo "2552"]
[Result "1-0"]
[Round "05"]
[TimeControl "180+1"]
[Date "2022.06.14"]
[WhiteClock "0:00:09"]
[BlackClock "0:00:05"]

1. e4 c5 2. Nf3 e6 3. c3 Nf6 4. e5 Nd5 5. d4 cxd4 6. cxd4 d6 7. Bc4 Nc6 8. O-O Be7 9. Qe2 b6 10. Rd1 Bb7 11. Bxd5 exd5 12. Nc3 dxe5 13. dxe5 d4 14. Be3 O-O 15. Nxd4 Nxd4 16. Bxd4 Qc8 17. Qe3 Qe6 18. Rd2 Rad8 19. Rad1 Rd7 20. Ne2 Rfd8 21. a3 Qg4 22. f3 Qe6 23. h3 h6 24. Kh2 Bg5 25. f4 Be7 26. Ng3 Qc6 27. Qf2 Bf8 28. f5 Rxd4 29. Rxd4 Rxd4 30. Rxd4 Bc5 31. Rd8+ Kh7 32. Qe2 Qc7 33. Rd1 Qc6 34. e6 fxe6 35. fxe6 Be7 36. Rd7 Bh4 37. Nf5 Bf6 38. e7 Qxd7 39. e8=Q Qxf5 40. Q8e3 Bd5 41. Q3d3 Be6 42. Qxf5+ Bxf5 43. Kh1 Bg6 44. b3 Bf7 45. Qd3+ Kg8 46. Qa6 Bxb3 47. Qxa7 Bd4 48. Qa8+ Kf7 49. Qf3+ Ke6 50. Qxb3+ Ke5 51. Qc2 Bc5 52. Qb3 Kd6 53. a4 Kc7 54. Qb5 Bd6 55. a5 bxa5 56. Qxa5+ Kd7 57. Qc3 Bf8 58. Qe5 1-0


[Site "https://www.chess.com"]

[Event "Titled Tuesday Blitz June 14 Late 2022"]
[White "Estrada Nieto, Julian"]
[Black "Guz, Ari"]
[WhiteFideId "5101018"]
[BlackFideId "2825759"]
[WhiteElo "2252"]
[BlackElo "1913"]
[Result "0-1"]
[Round "05"]
[TimeControl "180+1"]
[Date "2022.06.15"]
[WhiteClock "0:00:01"]
[BlackClock "0:00:19"]

1. e4 c5 2. Nf3 e6 3. c3 d5 4. exd5 exd5 5. d4 cxd4 6. Nxd4 Nc6 7. Bb5 Bd7 8. O-O Bd6 9. Qf3 Nge7 10. Bf4 Nxd4 11. Bxd7+ Qxd7 12. cxd4 O-O 13. Nc3 Bxf4 14. Qxf4 Nc6 15. Rfe1 Rfe8 16. h3 Re6 17. Rxe6 fxe6 18. Re1 Re8 19. Qg4 Qf7 20. Re3 Qf6 21. Ne2 Rf8 22. Rf3 Qe7 23. Re3 Qf6 24. Qxe6+ Qxe6 25. Rxe6 Kf7 26. Rd6 Re8 27. Nf4 Re4 28. Nxd5 Rxd4 29. f4 Ne7 30. Rd7 Rxd5 31. Rxb7 a5 32. Kf2 Rd2+ 33. Kf3 Ke6 34. g4 g6 35. h4 Rd3+ 36. Ke4 Rg3 37. Rb6+ Kf7 38. g5 Nf5 39. h5 Re3+ 40. Kd5 gxh5 41. Rf6+ Kg7 42. Rxf5 h4 43. Kd4 h3 44. Rc5 Re2 45. Rc1 Rxb2 46. a4 Rb4+ 47. Ke5 Rxa4 48. Rh1 Ra3 49. f5 Re3+ 50. Kf4 Rb3 51. Kg4 a4 52. Rc1 h2 53. Rh1 Rb2 54. Kg3 a3 0-1


[Site "https://www.chess.com"]

[Event "Titled Tuesday Blitz June 14 Late 2022"]
[White "Fedoseev, Vladimir"]
[Black "Chiu, Isaac"]
[WhiteFideId "24130737"]
[BlackFideId "30900654"]
[WhiteElo "2726"]
[BlackElo "2117"]
[Result "1-0"]
[Round "05"]
[TimeControl "180+1"]
[Date "2022.06.14"]
[WhiteClock "0:01:01"]
[BlackClock "0:00:29"]

1. e4 e5 2. Nf3 Nc6 3. Bb5 a6 4. Bxc6 dxc6 5. O-O Bg4 6. h3 h5 7. d3 Qf6 8. Nbd2 g5 9. b4 Qg7 10. Bb2 f6 11. d4 Bd6 12. dxe5 fxe5 13. Nc4 O-O-O 14. hxg4 hxg4 15. Nfxe5 Nf6 16. Nxg4 Bh2+ 17. Nxh2 Rxd1 18. Rfxd1 Qh6 19. Kf1 Qxh2 20. Bxf6 Rf8 21. e5 Qh1+ 22. Ke2 Qxg2 23. Ne3 Qe4 24. Rd3 g4 25. Rad1 b6 26. Rd8+ Rxd8 27. Rxd8+ Kb7 28. Rg8 Qxb4 29. Rxg4 Qb2 30. Re4 Qa3 31. e6 Qf8 32. e7 Qe8 33. Rh4 Qxe7 34. Bxe7 1-0


[Site "https://www.chess.com"]

[Event "Titled Tuesday Blitz June 14 Late 2022"]
[White "Fishbein, Mitch"]
[Black "Ambartsumova, Karina"]
[WhiteFideId "30922917"]
[BlackFideId "4166299"]
[WhiteElo "1939"]
[BlackElo "2262"]
[Result "1-0"]
[Round "05"]
[TimeControl "180+1"]
[Date "2022.06.15"]
[WhiteClock "0:00:03"]
[BlackClock "0:00:02"]

1. e4 e5 2. Nf3 Nc6 3. Bc4 Nf6 4. d3 h6 5. O-O g5 6. c3 Bg7 7. d4 Nxe4 8. dxe5 Nc5 9. Qd5 Ne6 10. Be3 O-O 11. Bd3 f5 12. exf6 Qxf6 13. Nbd2 d6 14. Ne4 Qf7 15. Bc4 Ne7 16. Qd2 Nf5 17. Rae1 Kh8 18. Bxg5 hxg5 19. Nexg5 Qg6 20. Bxe6 Bf6 21. Bxc8 Raxc8 22. Re6 Rg8 23. Qd3 Rcf8 24. g3 Ne7 25. Qxg6 Nxg6 26. Ne4 Bd8 27. Kg2 Re8 28. Rxe8 Rxe8 29. Ned2 Rg8 30. Re1 Nf4+ 31. Kf1 Nd3 32. Rb1 Bf6 33. Ne1 Nc5 34. Nb3 Na4 35. Nd3 Re8 36. Nd4 Bxd4 37. cxd4 Re4 38. b3 Nb6 39. Rc1 c6 40. Nf4 Rxd4 41. Re1 Rd2 42. Re8+ Kg7 43. Re7+ Kf6 44. Rxb7 Rxa2 45. h4 d5 46. h5 Ra1+ 47. Kg2 Kg5 48. Rg7+ Kh6 49. Rg6+ Kh7 50. Ne6 Rb1 51. Nf8+ Kh8 52. h6 Nc8 53. Rg7 Re1 54. Ng6# 1-0


[Site "https://www.chess.com"]